[Event "Early-Titled-Tuesday-Blitz-October-17-2023"]
[Site "Chess.com"]
[Date "2023.10.17"]
[Round "3"]
[White "ljm509"]
[Black "WindWhistler11"]
[Result "0-1"]
[WhiteElo "2248"]
[BlackElo "2471"]
[TimeControl "180+1"]
[EndTime "8:29:10 PDT"]
[Termination "WindWhistler11 won by checkmate"]

1. e4 e6 2. d4 d5 3. Nc3 Bb4 4. exd5 exd5 5. Nf3 Ne7 6. Bd3 Nbc6 7. O-O Bg4 8. Be3 f6 9. h3 Bh5 10. Be2 Qd7 11.
Nh4 Bf7 12. Bg4 f5 13. Be2 h6 14. Nf3 O-O-O 15. Bb5 Bd6 16. Na4 a6 17. Bxc6 Qxc6 18. b3 g5 19. Ne5 Bxe5 20. dxe5 d4 21. Bxd4 Nd5 22. Qf3 Bh5 23. Qxh5 Nf4 24. Qf3 Qxf3 25. gxf3 Ne2+ 26. Kg2 Nf4+ 27. Kh2 Rxd4 28. Rad1 Rhd8 29. Nc3 b5 30. Rxd4 Rxd4 31. Rd1 Rxd1 32. Nxd1 Kd7 33.
Ne3 Ke6 34. Ng2 Ne2 35. h4 Kxe5 36. hxg5 hxg5 37. Ne3 f4 38. Nd1 Kd4 39. Kh3 Nc3 40. Nxc3 Kxc3 41. Kg4 Kxc2 42. Kxg5 c5 43. Kxf4 c4 44.
bxc4 bxc4 45. Kg4 c3 46. f4 Kb2 47. f5 c2 48. f6 c1=Q 49. f7 Qh6 50. Kf5 Qf8 51. Kf6 Kxa2 52. f4 Kb3 53. f5 a5 54.
Kg6 a4 55. f6 a3 56. Kf5 a2 57.
Ke6 a1=Q 58. Kf5 Qa5+ 59. Kg6 Qb6 60. Kh7 Qxf7+ 61. Kh6 Qbxf6# 0-1

[Event "Early-Titled-Tuesday-Blitz-October-17-2023"]
[Site "Chess.com"]
[Date "2023.10.17"]
[Round "3"]
[White "AndresDelgado77"]
[Black "Gyulamiryan-koryun"]
[Result "1-0"]
[WhiteElo "2327"]
[BlackElo "1935"]
[TimeControl "180+1"]
[EndTime "8:29:10 PDT"]
[Termination "AndresDelgado77 won by checkmate"]

1. e4 e5 2. Nc3 Nc6 3. f4 exf4 4. d4 Qh4+ 5. Ke2 d5 6. Nxd5 Bg4+ 7.
Nf3 O-O-O 8. Bxf4 Nf6 9. Bg3 Bxf3+ 10. gxf3 Qh5 11. Nxf6 gxf6 12. c3 Bd6 13. Bg2 Rhe8 14. Kf2 Qb5 15. Bh3+ Kb8 16. Qb3 Qg5 17. Rad1 h5 18.
Rhg1 Bxg3+ 19. Rxg3 Qf4 20. Kg2 h4 21. Rg4 Qh6 22. Qxf7 Ne5 23. dxe5 Rd2+ 24. Rxd2 Qxd2+ 25. Kh1 Qd1+ 26. Rg1 Qxf3+ 27. Bg2 Qg4 28. Qxe8+ Qc8 29. Qxc8+ Kxc8 30. Bh3+ Kd8 31. exf6 Ke8 32. Be6 c6 33.
Rg8# 1-0

[Event "Early-Titled-Tuesday-Blitz-October-17-2023"]
[Site "Chess.com"]
[Date "2023.10.17"]
[Round "3"]
[White "GMSAGOR"]
[Black "KNVB"]
[Result "0-1"]
[WhiteElo "2464"]
[BlackElo "2684"]
[TimeControl "180+1"]
[EndTime "8:29:11 PDT"]
[Termination "KNVB won by checkmate"]

1. e4 e5 2. Nf3 Nc6 3. Bb5 a6 4. Bxc6 dxc6 5. O-O Qf6 6. d4 exd4 7. Bg5 Qd6 8. Nxd4 Be7 9. Bxe7 Nxe7 10. Nc3 Bd7 11.
Nb3 Qxd1 12. Raxd1 b6 13. f4 O-O-O 14. h3 Rhe8 15.
Kf2 h5 16. Kf3 c5 17. f5 Nc6 18. g4 hxg4+ 19. hxg4 Ne5+ 20. Kf4 Nc4 21. Nd2 Nxb2 22. Rb1 Bc6 23. Rf2 Na4 24. Nxa4 Bxa4 25. c3 Rd3 26.
Rc1 f6 27. g5 Bc6 28. gxf6 gxf6 29. Re1 Red8 30. Ree2 Rh8 31. e5 Rh4# 0-1

[Event "Early-Titled-Tuesday-Blitz-October-17-2023"]
[Site "Chess.com"]
[Date "2023.10.17"]
[Round "3"]
[White "KorolDimitriy75"]
[Black "Makswolf200817"]
[Result "0-1"]
[WhiteElo "2407"]
[BlackElo "2699"]
[TimeControl "180+1"]
[EndTime "8:29:12 PDT"]
[Termination "Makswolf200817 won on time"]

1. d4 Nf6 2. c4 e6 3. Nc3 Bb4 4. Qc2 O-O 5. e4 d5 6. cxd5 exd5 7. e5 Nfd7 8. Bd3 h6 9. Ne2 c5 10. O-O cxd4 11. Nxd5 Nc6 12. Nxb4 Nxb4 13. Qb3 a5 14.
Bb1 Nxe5 15. Qg3 d3 16. Nc3 Re8 17. Bxh6 Ng6 18. Bd2 Bf5 19. a3 Nc6 20. Ba2 Nd4 21.
Rfe1 Qb6 22. Rxe8+ Rxe8 23. Rb1 Ne2+ 24. Nxe2 dxe2 25.
Re1 Qxb2 26. Bc3 Qxa2 27. h4 Qb3 28. h5 Rc8 29. hxg6 Qxc3 30. gxf7+ Kxf7 31. Qf4 Qxe1+ 32. Kh2 Rc5 33. g4 Qc1 0-1

[Event "Early-Titled-Tuesday-Blitz-October-17-2023"]
[Site "Chess.com"]
[Date "2023.10.17"]
[Round "3"]
[White "Tonychess32"]
[Black "samolo"]
[Result "0-1"]
[WhiteElo "2508"]
[BlackElo "2747"]
[TimeControl "180+1"]
[EndTime "8:29:13 PDT"]
[Termination "samolo won on time"]

1. e4 g6 2. Nf3 Bg7 3. d4 c5 4. c3 Qa5 5. Be2 cxd4 6. Nxd4 d6 7. O-O Nf6 8. Nd2 O-O 9. Re1 Nbd7 10. Bd3 a6 11.
N2f3 Qc7 12. h3 b6 13. Bg5 Bb7 14. Bc2 Rfe8 15. Qd2 Nc5 16. Qe3 Ncxe4 17. Bh6 Nd5 18. Qc1 Ndf6 19. Bxg7 Kxg7 20. Ng5 Nxg5 21. Qxg5 e6 22.
Rad1 Qc5 23. Qg3 Rad8 24. Nb3 Qc6 25. f3 e5 26. Rd2 a5 27. Red1 d5 28. Qf2 a4 29.
Nc1 b5 30. Nd3 e4 31. Nb4 Qc4 32. Qd4 exf3 33. Qxc4 bxc4 34. gxf3 Re5 35. Bxa4 Rg5+ 36. Kf2 Rh5 37. Kg2 Ra8 38. b3 Bc8 39. Bc6 Bxh3+ 40. Kg3 Rc8 41. Bxd5 cxb3 42. Bxb3 Rxc3 43. Rd3 Rcc5 0-1

[Event "Early-Titled-Tuesday-Blitz-October-17-2023"]
[Site "Chess.com"]
[Date "2023.10.17"]
[Round "3"]
[White "Susal_De_Silva"]
[Black "JimDiGrease"]
[Result "0-1"]
[WhiteElo "2663"]
[BlackElo "2893"]
[TimeControl "180+1"]
[EndTime "8:29:14 PDT"]
[Termination "JimDiGrease won by resignation"]

1. c4 e6 2. Nf3 d5 3. e3 Nf6 4. b3 Bd6 5. Bb2 O-O 6. Nc3 Re8 7. Qc2 c5 8. g4 d4 9. Nb5 e5 10. g5 Nh5 11. Nxd6 Qxd6 12. Bd3 g6 13. Be4 Nc6 14. d3 Ng7 15. Nd2 Bg4 16. h3 Bd7 17. a3 Nf5 18. Bd5 Qe7 19. Ne4 Kg7 20. Qe2 Be6 21. h4 Red8 22. Bxc6 bxc6 23. a4 Rab8 24. Ba3 Rxb3 25.
Bxc5 Qc7 26. exd4 Nxd4 27. Bxd4 Rxd4 28. Qf3 Rbxd3 29. Qf6+ Kg8 30. Nc5 Qa5+ 31. Kf1 Qxc5 32. h5 Qxc4 33. Kg2 Rg4+ 0-1

[Event "Early-Titled-Tuesday-Blitz-October-17-2023"]
[Site "Chess.com"]
[Date "2023.10.17"]
[Round "3"]
[White "diamonds13"]
[Black "Emp3rador"]
[Result "0-1"]
[WhiteElo "2292"]
[BlackElo "2545"]
[TimeControl "180+1"]
[EndTime "8:29:14 PDT"]
[Termination "Emp3rador won by resignation"]

1. d4 d5 2. c4 c6 3. cxd5 cxd5 4. Bf4 Nf6 5. Nc3 Nc6 6. e3 a6 7. Bd3 Bg4 8. f3 Bh5 9. Nge2 e6 10. a3 Bg6 11.
Bxg6 hxg6 12. Nc1 Rc8 13. Nd3 Bd6 14. Bxd6 Qxd6 15. f4 Nd7 16. Rc1 g5 17. g3 gxf4 18. gxf4 Rh3 19. Kf2 Nf6 20. Nc5 Rc7 21. Rg1 Nxd4 22.
Qxd4 Qxc5 23. Qxc5 Rxc5 24. b4 Rc4 25. Na2 Rxh2+ 26. Rg2 Ne4+ 27. Kg1 Rxg2+ 28. Kxg2 Kd7 29. Kf3 f5 30. Rxc4 dxc4 31. Ke2 Kc6 32. Kd1 Kb5 33. Kc2 Ka4 34. Kb2 c3+ 35. Nxc3+ Nxc3 36. Kxc3 Kxa3 37. Kc4 b5+ 38. Kc5 Ka4 39. Kd6 Kxb4 40. Kxe6 g6 41.
Kf6 Kc5 42. Kxg6 b4 43. Kxf5 b3 44. e4 b2 45. e5 b1=Q+ 46. Kf6 Kd5 47. f5 Qb2 0-1

[Event "Early-Titled-Tuesday-Blitz-October-17-2023"]
[Site "Chess.com"]
[Date "2023.10.17"]
[Round "3"]
[White "nelsi"]
[Black "brm72"]
[Result "0-1"]
[WhiteElo "2288"]
[BlackElo "2505"]
[TimeControl "180+1"]
[EndTime "8:29:15 PDT"]
[Termination "brm72 won on time"]

1. e4 c5 2. Nf3 d6 3. Bb5+ Nd7 4. d4 cxd4 5. Qxd4 a6 6. Bxd7+ Bxd7 7. Nc3 e5 8. Qd3 Rc8 9. Bg5 Qc7 10. O-O h6 11. Be3 Nf6 12. Rfd1 Be7 13. Rac1 b5 14. a3 O-O 15. h3 Bc6 16. Nh4 Rfd8 17. Nf5 Bf8 18. g4 d5 19. exd5 Nxd5 20. Nxd5 Rxd5 21. Qe2 Rcd8 22.
Rxd5 Bxd5 23. Rd1 Bc4 24. Qe1 Be6 25. Rxd8 Qxd8 26. Ng3 Qh4 27. Kg2 h5 28. Nxh5 f5 29. Qa5 fxg4 30. hxg4 Qxg4+ 31. Ng3 Bd5+ 32. Kf1 Qd1+ 33.
Qe1 Bg2+ 34. Kxg2 Qxe1 35. Ne4 Qd1 36. c3 Qg4+ 37. Ng3 e4 38. Kf1 Qf3 39. Ke1 Bd6 40.
Ne2 Be5 41. Kd2 g5 42. Ng1 Qg2 43. Ne2 g4 44. a4 bxa4 45. Kc2 g3 46. Nxg3 Bxg3 0-1

[Event "Early-Titled-Tuesday-Blitz-October-17-2023"]
[Site "Chess.com"]
[Date "2023.10.17"]
[Round "3"]
[White "ural58"]
[Black "MdSharifHossain"]
[Result "1-0"]
[WhiteElo "2534"]
[BlackElo "2196"]
[TimeControl "180+1"]
[EndTime "8:29:16 PDT"]
[Termination "ural58 won by resignation"]

1. e4 e5 2. Nf3 Nc6 3. Bc4 Nf6 4. Ng5 d5 5. exd5 Na5 6. Bb5+ c6 7. dxc6 bxc6 8.
Bd3 Nd5 9. h4 h6 10. Qh5 Qc7 11. Nxf7 Nf4 12. Qxe5+ Qxe5+ 13. Nxe5 Bd6 14. Ng6 Nxd3+ 15.
cxd3 Rg8 16. b4 Bf5 17. bxa5 Bxg6 18. Ba3 Be5 19. Nc3 Bxd3 20. Rh3 O-O-O 21. O-O-O Bf6 22.
g4 Rge8 23. f4 Kc7 24. Bc5 Kb7 25. a6+ Kxa6 26. g5 Bf5 27. gxf6 Bxh3 28. fxg7 Rg8 29. Rg1 Rd7 30. Bf8 Kb7 31. Rg6 h5 32. Ne4 Bf5 33.
Nc5+ Kc7 34. Nxd7 Bxg6 35. Nf6 Bf7 36. a3 a6 37. f5 Kd8 38. Kc2 Bd5 39. Kc3 Kc7 40.
Nxd5+ cxd5 41. f6 1-0

[Event "Early-Titled-Tuesday-Blitz-October-17-2023"]
[Site "Chess.com"]
[Date "2023.10.17"]
[Round "3"]
[White "Mr_Lion22"]
[Black "pankajfm"]
[Result "0-1"]
[WhiteElo "2506"]
[BlackElo "2141"]
[TimeControl "180+1"]
[EndTime "8:29:16 PDT"]
[Termination "pankajfm won by checkmate"]

1. d4 Nf6 2. c4 g6 3. Nc3 Bg7 4. e4 d6 5. Be2 O-O 6. Be3 a6 7.
a4 c5 8. dxc5 Qa5 9. cxd6 Nxe4 10.
dxe7 Re8 11. Bd4 Nxc3 12. bxc3 Nc6 13. Bxg7 Kxg7 14. Qd2 Rxe7 15. Nf3 Bg4 16. O-O Rae8 17. Rfe1 Kg8 18. h3 Bxf3 19. Bxf3 Ne5 20. Bd5 Qc5 21. Qd4 Nf3+ 22. gxf3 Rxe1+ 23. Rxe1 Rxe1+ 24. Kg2 Qe7 25. Qf4 h5 26. c5 Re5 27. c4 Rf5 28. Qb8+ Kg7 29. Qxb7 Qxc5 30. Qxa6 Rg5+ 31. Kf1 Qd4 32. Ke2 Rg2 33. Qb7 Rxf2+ 34. Ke1 Qd2# 0-1

[Event "Early-Titled-Tuesday-Blitz-October-17-2023"]
[Site "Chess.com"]
[Date "2023.10.17"]
[Round "3"]
[White "Hasangatin_Ramil"]
[Black "Firouzja2003"]
[Result "0-1"]
[WhiteElo "2722"]
[BlackElo "3077"]
[TimeControl "180+1"]
[EndTime "8:29:17 PDT"]
[Termination "Firouzja2003 won on time"]

1. e4 c6 2. d4 d5 3. Nd2 Qa5 4. c3 dxe4 5. Nxe4 Bf5 6. Ng3 Bg6 7. Bc4 Nd7 8. N1e2 Ngf6 9. Nf4 e5 10. Nxg6 hxg6 11. Qb3 O-O-O 12. Bxf7 exd4 13. O-O Bd6 14. cxd4 Rh4 15. Bxg6 Bc7 16. Qe6 Kb8 17. Qf5 Qb4 18.
Bg5 Rxd4 19. Be3 Rd5 20. Qf3 Ne5 21. Qf5 Neg4 22. Qf3 Qxb2 23. Rab1 Qe5 24. Rfe1 Qd6 25. Bf5 Nxe3 26. Qxe3 Bb6 27. Qf3 Rd2 28. Rf1 Rxa2 29.
Ne4 Nxe4 30. Bxe4 Rf8 31. Qd3 Qxd3 32. Bxd3 Rfxf2 33. Rxf2 Bxf2+ 34. Kf1 Kc7 35. Be4 Bd4 36.
h4 b5 0-1

[Event "Early-Titled-Tuesday-Blitz-October-17-2023"]
[Site "Chess.com"]
[Date "2023.10.17"]
[Round "3"]
[White "karinachess1"]
[Black "MikaelyanArman"]
[Result "1-0"]
[WhiteElo "2610"]
[BlackElo "2853"]
[TimeControl "180+1"]
[EndTime "8:29:17 PDT"]
[Termination "karinachess1 won on time"]

1. d4 d5 2. c4 c6 3. Nf3 Nf6 4. g3 g6 5. Bg2 dxc4 6. Ne5 Be6 7. Na3 Bg7 8. Naxc4 Nfd7 9. O-O Nxe5 10. Nxe5 Nd7 11.
Nf3 O-O 12. Re1 Nb6 13. Bd2 a5 14. Bc3 Nd5 15. e4 Nxc3 16. bxc3 Bc4 17. Qd2 a4 18. h4 Ra5 19. Rab1 Qc7 20. Rb4 b5 21. h5 Rd8 22.
Qg5 h6 23. Qg4 Be6 24. Qh4 g5 25. Nxg5 hxg5 26. Qxg5 f6 27. Qh4 Bh6 28. d5 c5 29.
dxe6 cxb4 30. Qg4+ Kh8 31. Qg6 Bf8 32. Bh3 Bg7 33. Bf5 Kg8 34. h6 1-0

[Event "Early-Titled-Tuesday-Blitz-October-17-2023"]
[Site "Chess.com"]
[Date "2023.10.17"]
[Round "3"]
[White "ozates"]
[Black "dosto07"]
[Result "1-0"]
[WhiteElo "2758"]
[BlackElo "2539"]
[TimeControl "180+1"]
[EndTime "8:29:19 PDT"]
[Termination "ozates won on time"]

1. e4 e5 2. Nf3 Nc6 3. Nc3 Nf6 4. a3 g6 5. d4 exd4 6. Nxd4 Bg7 7. Nxc6 bxc6 8.
Bd3 O-O 9. O-O d6 10. f4 Rb8 11. Qe1 Re8 12. Qg3 c5 13. Kh1 Bb7 14. e5 dxe5 15.
fxe5 Nh5 16. Qf2 Bxe5 17. Qxf7+ Kh8 18. Bxg6 hxg6 19. Qxg6 Qh4 20. Qh6+ Kg8 21. Qg6+ Ng7 22. Qf7+ Kh8 23. Bf4 Rf8 24. Bxe5 Rxf7 25. Rxf7 Rg8 26. Rxc7 Bxg2+ 27. Kxg2 Qg5+ 28. Bg3 Nf5 29. Ne4 Qg4 30. Rh7+ Kxh7 31. Nf6+ Kh6 32. Nxg4+ Rxg4 33. Re1 Nd4 34. c3 Nb3 35. Kf3 Rg7 36. Bf4+ Kh7 37. h4 Rb7 38. h5 c4 39. Re6 Nc5 40. Rc6 Nd3 41. Rxc4 Nxb2 42. Rb4 Rxb4 43. cxb4 Nc4 44. Bc1 Kg7 45.
Ke4 Kf6 46. Kd5 Nb6+ 47. Kc6 Na4 48. h6 Kg6 49. Kb7 1-0

[Event "Early-Titled-Tuesday-Blitz-October-17-2023"]
[Site "Chess.com"]
[Date "2023.10.17"]
[Round "3"]
[White "whitemirrorninja"]
[Black "DKmirl"]
[Result "1-0"]
[WhiteElo "2509"]
[BlackElo "2278"]
[TimeControl "180+1"]
[EndTime "8:29:19 PDT"]
[Termination "whitemirrorninja won on time"]

1. e4 c5 2. b3 Nc6 3. Bb2 d6 4. f4 Nf6 5. Nc3 e5 6. fxe5 dxe5 7. Nf3 Bd6 8. Bc4 O-O 9. O-O Nd4 10. Nd5 Nxe4 11. Qe1 Ng5 12. Nxg5 Qxg5 13. Ne3 h5 14. h4 Qg6 15. Bd3 e4 16. Bc4 Bg3 17. Qd1 Bxh4 18. Be2 Bg4 19. Bxg4 hxg4 20. Qxg4 Qxg4 21.
Nxg4 Nxc2 22. Rac1 Nb4 23. Rxc5 Nd3 24. Rh5 Nxb2 25.
Rxh4 f5 26. Ne3 g6 27. g4 f4 28.
Nd5 f3 29. g5 Rf5 30. Nf6+ Kf7 31. Nxe4 Re8 32. Nd6+ Ke7 33. Nxf5+ gxf5 34. Rxf3 Rg8 35. Rxf5 Ke6 36. Rhf4 Nd3 37. Rf3 Ne5 38. Rf1 Nf7 39.
Rxf7 Rxg5+ 40. Kh2 Rh5+ 41. Kg3 Rg5+ 42. Kh4 Rg8 43. R7f6+ Ke5 44. R1f5+ Kd4 45. Rd6+ Ke4 46. Rg5 Rh8+ 47. Kg4 Rh2 48. Kg3 Rh1 49. Rg4+ Ke5 50.
Rd7 Rg1+ 51. Kf3 Rf1+ 52. Ke2 Ra1 53. Rxb7 Rxa2 54. Rb5+ Kf6 55. Rc4 1-0

[Event "Early-Titled-Tuesday-Blitz-October-17-2023"]
[Site "Chess.com"]
[Date "2023.10.17"]
[Round "3"]
[White "Treasurechess777"]
[Black "aghasiyevkamal"]
[Result "1-0"]
[WhiteElo "2462"]
[BlackElo "2604"]
[TimeControl "180+1"]
[EndTime "8:29:21 PDT"]
[Termination "Treasurechess777 won by resignation"]

1. Nf3 d6 2. d4 Nf6 3. b3 Nbd7 4. Bb2 c6 5. c4 Qc7 6. Qc2 e5 7. e3 Be7 8. Nbd2 O-O 9. Bd3 Re8 10. g4 exd4 11. Bxd4 Nc5 12. Bxc5 dxc5 13. g5 Nh5 14. Bxh7+ Kh8 15. Rg1 g6 16. Bxg6 fxg6 17. Qxg6 Ng7 18. Qh6+ Kg8 19. g6 Be6 20. Ne4 Rad8 21. Nfg5 Bxg5 22.
Nxg5 Qe5 23. Ke2 Qb2+ 24. Kf3 Qf6+ 25. Ke2 Rd2+ 26. Kxd2 Qb2+ 27. Kd3 Bf5+ 28. e4 Rd8+ 29. Ke3 Qd2+ 30. Kf3 Rd3+ 31. Kg2 Bxe4+ 32. Kf1 Qc3 33.
Qh7+ Kf8 34. Qh8+ Ke7 35. Re1 Rd4 36. Qxg7+ Kd6 37. Nxe4+ 1-0

[Event "Early-Titled-Tuesday-Blitz-October-17-2023"]
[Site "Chess.com"]
[Date "2023.10.17"]
[Round "3"]
[White "Airquake"]
[Black "kirillshevchenko"]
[Result "0-1"]
[WhiteElo "2607"]
[BlackElo "2927"]
[TimeControl "180+1"]
[EndTime "8:29:22 PDT"]
[Termination "kirillshevchenko won on time"]

1. b3 b6 2. Bb2 Bb7 3. Nf3 Nf6 4. e3 g6 5. c4 Bg7 6. Nc3 O-O 7. Be2 d5 8. cxd5 Nxd5 9. O-O c5 10. Rc1 Nc6 11. d3 Rc8 12. Qd2 Qd7 13. Rfd1 Rfd8 14. Nxd5 Qxd5 15.
Bxg7 Kxg7 16. d4 cxd4 17. Bc4 Qh5 18. exd4 e6 19. Qe3 Nb4 20. Ne5 Nd5 21. Qg3 b5 22. Bf1 Nc3 23. Re1 b4 24. a3 a5 25. axb4 axb4 26.
Qd3 Qf5 27. Qe3 Nd5 28. Qd2 Nc3 29. Qe3 Ra8 30. Ra1 Nd5 31. Qd2 Nf4 32. Rxa8 Bxa8 33. Qxb4 Bxg2 34. Bxg2 Qg5 0-1

[Event "Early-Titled-Tuesday-Blitz-October-17-2023"]
[Site "Chess.com"]
[Date "2023.10.17"]
[Round "3"]
[White "LeoLV10"]
[Black "Roedor"]
[Result "1-0"]
[WhiteElo "2578"]
[BlackElo "2408"]
[TimeControl "180+1"]
[EndTime "8:29:22 PDT"]
[Termination "LeoLV10 won by resignation"]

1. e4 e5 2. Nf3 Nc6 3. Bb5 Nf6 4. O-O Nxe4 5. d4 Nd6 6. Bxc6 dxc6 7. dxe5 Nf5 8. Qe2 Nd4 9. Nxd4 Qxd4 10. h3 Bf5 11.
Nc3 O-O-O 12. Rd1 Qh4 13. Rxd8+ Qxd8 14. Bf4 Bb4 15. Rd1 Qe7 16. Ne4 h6 17. a3 Ba5 18. c4 g5 19. Bh2 c5 20. Ng3 Be6 21. Nf1 h5 22. Qe3 g4 23. hxg4 hxg4 24. b4 Bb6 25.
Rc1 Qh4 26. bxc5 Ba5 27. c6 Bb6 28. cxb7+ Kb8 29. c5 Ba5 30. Rd1 Bc4 31. Qg3 Bxf1 32. Qxh4 Rxh4 33. Bg3 Rh6 34. Kxf1 Kxb7 35. Ke2 Kc6 36.
Rc1 Rh8 37. Rc4 Rb8 38. Rxg4 Rb2+ 39. Kf3 Rb3+ 40. Ke4 Rxa3 41. Kf5 Rc3 42. Kf6 Rxc5 43. Kxf7 Bc3 44. e6 Rf5+ 45. Ke8 a5 46. Rc4+ Kb5 47.
Rxc3 1-0

[Event "Early-Titled-Tuesday-Blitz-October-17-2023"]
[Site "Chess.com"]
[Date "2023.10.17"]
[Round "3"]
[White "DanyKopy"]
[Black "BeautiFullMindChess"]
[Result "1-0"]
[WhiteElo "2539"]
[BlackElo "2264"]
[TimeControl "180+1"]
[EndTime "8:29:22 PDT"]
[Termination "DanyKopy won on time"]

1. d4 Nf6 2. Nf3 e6 3. c4 d5 4. Nc3 dxc4 5. Qa4+ c6 6. Qxc4 b5 7. Qd3 Nbd7 8. g3 b4 9. Ne4 c5 10. Nxf6+ Nxf6 11. Bg2 Bb7 12. O-O cxd4 13. Bg5 Be7 14. Nxd4 Bxg2 15. Kxg2 Qd5+ 16. Qf3 Qxf3+ 17. Kxf3 O-O 18.
Nc6 Bc5 19. Bxf6 gxf6 20. Rac1 Bd6 21. Rfd1 Bc7 22. Ne7+ Kg7 23. Rxc7 Rfd8 24. Rdd7 Rxd7 25. Rxd7 a5 26. Nc6 Rc8 27. Nxa5 Rc2 28. b3 Rxa2 29.
Nc6 Rb2 30. Rd3 e5 31. g4 h5 32. h3 hxg4+ 33. hxg4 Kg6 34. Nxb4 f5 35. gxf5+ Kxf5 36. Rc3 f6 37. e4+ Kg5 38. Nd5 Rd2 39. Ne3 Rb2 40.
Nd5 Rb1 41. b4 Rb2 42. Rc5 Rb3+ 43. Kg2 Kg4 44. b5 1-0

[Event "Early-Titled-Tuesday-Blitz-October-17-2023"]
[Site "Chess.com"]
[Date "2023.10.17"]
[Round "3"]
[White "RandomNoob04"]
[Black "verrbaa"]
[Result "1-0"]
[WhiteElo "2624"]
[BlackElo "2451"]
[TimeControl "180+1"]
[EndTime "8:29:24 PDT"]
[Termination "RandomNoob04 won by checkmate"]

1. e4 e5 2. d4 exd4 3. Qxd4 Nc6 4. Qe3 Nf6 5. e5 Nd5 6. Qe4 Nb6 7. Nf3 Be7 8. Nc3 d5 9. exd6 cxd6 10. Bf4 d5 11. Qd3 Be6 12. O-O-O O-O 13. Nd4 Rc8 14. Nxe6 fxe6 15.
Bg3 Bf6 16. a3 Nc4 17. Qe2 Re8 18. Qf3 Nd4 19. Qg4 Qb6 20. Bxc4 Rxc4 21. Qh5 g6 22. Qh6 Ne2+ 23. Nxe2 Qxb2+ 24. Kd2 Rxc2+ 25. Ke1 Rxe2+ 26. Kf1 Qb5 27. Kg1 Rb2 28. h4 Rb1 29. Kh2 Rxd1 30. Rxd1 Qe2 31. Rd2 Qg4 32. Rc2 d4 33. Rc7 Re7 34.
Rc8+ Kf7 35. Qf8# 1-0

[Event "Early-Titled-Tuesday-Blitz-October-17-2023"]
[Site "Chess.com"]
[Date "2023.10.17"]
[Round "3"]
[White "DopplerCharlotteDeWitte"]
[Black "ChessPromotionAlex"]
[Result "0-1"]
[WhiteElo "2781"]
[BlackElo "2616"]
[TimeControl "180+1"]
[EndTime "8:29:25 PDT"]
[Termination "ChessPromotionAlex won by checkmate"]

1. e4 c5 2. b4 cxb4 3. a3 d5 4.
exd5 Qxd5 5. Nf3 e6 6. d4 Nf6 7. Be2 Nc6 8. O-O Be7 9. axb4 Nxb4 10. c3 Nc6 11. c4 Qd8 12. Nc3 O-O 13. Bb2 b6 14. d5 Na5 15. Nd4 exd5 16. cxd5 Bd6 17. Ncb5 Re8 18. Bf3 Nc4 19. Bc3 Ne5 20. Nc6 Nxf3+ 21.
Qxf3 Qd7 22. Bxf6 gxf6 23. Rfe1 Bb7 24. Qxf6 Bf8 25. Qg5+ Bg7 26. Nbxa7 h6 27. Qg3 Qxd5 28. Rad1 Qg5 29. Qc7 Rxe1+ 30. Rxe1 Rxa7 31. h4 Qd2 32. Re8+ Kh7 33. Nxa7 Bd5 34. Qe7 Bd4 35. Kh2 Qxf2 36. Qd6 Qxg2# 0-1

[Event "Early-Titled-Tuesday-Blitz-October-17-2023"]
[Site "Chess.com"]
[Date "2023.10.17"]
[Round "3"]
[White "WiktoriaPOL"]
[Black "Emeraldddd"]
[Result "0-1"]
[WhiteElo "2287"]
[BlackElo "2541"]
[TimeControl "180+1"]
[EndTime "8:29:27 PDT"]
[Termination "Emeraldddd won by checkmate"]

1. c4 Nf6 2. Nc3 g6 3. g3 Bg7 4. Bg2 O-O 5. e4 d6 6. Nge2 c5 7. O-O Nc6 8. d3 Ne8 9. Be3 Nc7 10. d4 cxd4 11. Nxd4 Ne6 12. Nde2 Ne5 13. b3 Nc5 14. Qd2 Bh3 15. Rad1 Qc8 16. Nd5 Re8 17. Nec3 e6 18.
Nf4 Bxg2 19. Kxg2 Ng4 20. Bd4 Bxd4 21. Qxd4 e5 22. Qxd6 exf4 23. h3 Ne5 24. Nd5 f3+ 25.
Kh2 Qe6 26. Qxc5 Rac8 27. Qxa7 b5 28. Nc7 Qe7 29. Nxb5 Qg5 30. Qd4 Qh6 31. h4 g5 32.
Qe3 f6 33. Qd2 Qh5 34. Qd5+ Kh8 35. Qd2 gxh4 36. Qf4 hxg3+ 37. Kxg3 Rg8+ 38. Qg4 Rxg4# 0-1

[Event "Early-Titled-Tuesday-Blitz-October-17-2023"]
[Site "Chess.com"]
[Date "2023.10.17"]
[Round "3"]
[White "Boxerandchessplayer"]
[Black "Casper"]
[Result "1-0"]
[WhiteElo "2214"]
[BlackElo "2396"]
[TimeControl "180+1"]
[EndTime "8:29:27 PDT"]
[Termination "Boxerandchessplayer won on time"]

1. d4 Nf6 2. Nf3 g6 3. Nbd2 Bg7 4. e4 O-O 5. Bb5 a6 6. Bd3 b5 7. O-O Bb7 8. a4 b4 9. c3 bxc3 10. bxc3 d6 11. Qe2 Nbd7 12. Ba3 c5 13. Rab1 Bc6 14.
Bc2 Qa5 15. d5 Bxa4 16. Bxa4 Qxa4 17. Ra1 Qa5 18. c4 Rfb8 19. Bb2 Qc7 20. Bc3 a5 21. e5 dxe5 22. Nxe5 Ng4 23. Qxg4 Nxe5 24. Qg3 a4 25.
Rfe1 f6 26. Bxe5 fxe5 27. Ra3 Qa5 28. Qd3 Rb2 29. Nf3 Rab8 30. Rea1 e4 31. Qxe4 R2b3 32. Qe6+ Kh8 33. Rxb3 axb3 34. Rxa5 b2 35. g3 b1=Q+ 36. Kg2 Qb4 37. Ra7 Bf6 38. Ne5 Qb6 39. Qxb6 Rxb6 40. Nd7 Rb4 41. Nxf6 exf6 42. d6 Rb8 43. Re7 1-0

[Event "Early-Titled-Tuesday-Blitz-October-17-2023"]
[Site "Chess.com"]
[Date "2023.10.17"]
[Round "3"]
[White "knightinshiningarmour16"]
[Black "blitzo_vich"]
[Result "0-1"]
[WhiteElo "2142"]
[BlackElo "2611"]
[TimeControl "180+1"]
[EndTime "8:29:28 PDT"]
[Termination "blitzo_vich won on time"]

1. d4 Nf6 2. Nf3 c5 3. d5 b5 4. a4 b4 5. c4 d6 6. Bg5 Nbd7 7. Nbd2 h6 8. Bh4 g6 9. e4 Bg7 10. Qc2 g5 11. Bg3 Nh5 12. Rb1 Nf8 13. Bd3 Ng6 14. Qd1 Bg4 15. h3 Nxg3 16. fxg3 Bd7 17. O-O g4 18.
hxg4 Bxg4 19. Qc2 Rg8 20. Rbe1 Ne5 21. Nxe5 Bxe5 22. Kh2 Bxg3+ 23. Kg1 Bxe1 24. Rxe1 f6 25. Nf1 Qc7 26. Ne3 Bd7 27. b3 O-O-O 28. Qd2 Rg5 29. Nf5 Be8 30. Nh4 Bh5 31. Be2 Rdg8 32.
Bxh5 Rxh5 33. Nf5 Rhg5 34. Re2 h5 35. Kh2 Qd7 36. Rf2 Kd8 37. Qe2 Qe8 38. Qf3 Qg6 39.
g3 Rg4 40. Re2 h4 41. Nxh4 Rxg3 42. Nxg6 Rxf3 43. Nh4 Rxb3 0-1

[Event "Early-Titled-Tuesday-Blitz-October-17-2023"]
[Site "Chess.com"]
[Date "2023.10.17"]
[Round "3"]
[White "borocotoajua"]
[Black "crazy_m_attack"]
[Result "1-0"]
[WhiteElo "2614"]
[BlackElo "2441"]
[TimeControl "180+1"]
[EndTime "8:29:28 PDT"]
[Termination "borocotoajua won by resignation"]

1. d4 Nf6 2. Nf3 d5 3. c4 e6 4. g3 Be7 5. Bg2 O-O 6. O-O dxc4 7. Qc2 a6 8. a4 Bd7 9. Qxc4 Bc6 10. Bg5 Bd5 11. Qd3 Be4 12. Qe3 Bxf3 13. Bxf3 Nd5 14. Bxe7 Nxe3 15. Bxd8 Nxf1 16. Bxc7 Rc8 17. Bf4 Nc6 18.
Bxc6 Rxc6 19. Kxf1 Rc2 20. Na3 Rxb2 21. a5 Rc8 22.
Bd6 Rc3 23. d5 Rbb3 24. dxe6 fxe6 25. Kg2 Rc6 26. Bf4 Rc5 27. Nb1 e5 28. Be3 Rc2 29.
Na3 Rxe2 30. Nc4 Rc3 31. Kf1 Rec2 32. Nxe5 Rb3 33. Rd1 h6 34. Rd8+ Kh7 35. Rd7 Rb5 36. Bd4 Rd2 37. Nc4 Rc2 38. Rxg7+ Kh8 39. Nd6 Rb1+ 40.
Kg2 1-0

[Event "Early-Titled-Tuesday-Blitz-October-17-2023"]
[Site "Chess.com"]
[Date "2023.10.17"]
[Round "3"]
[White "Macron20hTF1"]
[Black "AradNazari"]
[Result "0-1"]
[WhiteElo "2592"]
[BlackElo "2858"]
[TimeControl "180+1"]
[EndTime "8:29:29 PDT"]
[Termination "AradNazari won by resignation"]

1. Nf3 c5 2. e3 g6 3. d4 cxd4 4. exd4 Bg7 5. c3 Nf6 6. Bd3 O-O 7. O-O d5 8. h3 Nc6 9. Re1 a6 10. Bf4 Bf5 11. Bxf5 gxf5 12. Ne5 Ne4 13. Nd2 f6 14. Nxc6 bxc6 15. f3 Nxd2 16. Qxd2 Qd7 17. Re2 Rfe8 18. Rae1 e6 19. g4 fxg4 20. hxg4 Qf7 21. Bh6 Re7 22. Rh2 Bh8 23. Kg2 Rae8 24. Reh1 e5 25. dxe5 Rxe5 26.
Kg3 Qe6 27. Bf4 Re2 28. Qd3 Rxh2 29. Rxh2 Qe1+ 30. Rf2 Bg7 31. Kg2 Bf8 32. Qxa6 Bc5 33. Bg3 Bxf2 34. Bxf2 Re2 35. Qc8+ Kg7 36. Qd7+ Kh6 37.
g5+ Kg6 38. Qe8+ Rxe8 0-1